 Dungeon Crawl Stone Soup version 0.17.1-3-g152610e (webtiles) character file.

359 Peloso the Shield-Bearer (level 6, -7/56 HPs)
             Began as a Minotaur Fighter on Mar 24, 2016.
             Killed by divine providence
             ... invoked by an orc priest
              (13 damage)
             ... on level 4 of the Dungeon.
             The game lasted 00:09:14 (2500 turns).

Peloso the Shield-Bearer (Minotaur Fighter)         Turns: 2500, Time: 00:09:14

Health: -7/56      AC: 12    Str: 21    XL:     6   Next: 37%
Magic:  0/5        EV:  6    Int:  5    God:
Gold:   137        SH: 10    Dex: 11    Spells: 0 memorised, 5 levels left

rFire  + + .     SeeInvis .     a - +0 long sword
rCold  x . .     Clarity  .     k - +0 chain mail
rNeg   . . .     SustAt   .     c - +0 shield
rPois  .         Gourm    .     (helmet restricted)
rElec  .         Spirit   +     r - +1 cloak
rCorr  .         Warding  .     (no gloves)
rMut   .         Stasis   .     (no boots)
MR     .....                    z - amulet of guardian spirit
Stlth  ..........               t - ring of protection from fire
                                l - ring of fire

@: not resistant to hostile enchantments, extremely unstealthy
A: retaliatory headbutt, horns 2
a: no special abilities


You were on level 4 of the Dungeon.
You were not hungry.

You visited 1 branch of the dungeon, and saw 4 of its levels.

You collected 137 gold pieces.

Inventory:

Hand Weapons
 a - a +0 long sword (weapon)
Armour
 b - a +0 scale mail
 c - a +0 shield (worn)
 k - a +0 chain mail (worn)
 r - a +1 cloak (worn)
Jewellery
 l - a ring of fire (left hand)
 t - a ring of protection from fire (right hand)
 z - an amulet of guardian spirit (around neck)
Scrolls
 g - a scroll of immolation {unknown}
 h - a scroll of recharging {unknown}
 i - a scroll of amnesia {unknown}
 j - 3 scrolls of identify {unknown}
 m - 3 scrolls of remove curse {unknown}
 o - 2 scrolls of magic mapping {unknown}
 y - a scroll of noise {unknown}
Potions
 d - a potion of might
 n - 2 potions of mutation {unknown}
 p - a potion of agility {unknown}
 u - a potion of degeneration {unknown}
 w - 2 potions of cancellation {unknown}
 x - a potion of heal wounds {unknown}
 A - a potion of lignification {unknown}
Comestibles
 e - 5 bread rations
 f - 2 beef jerkies
 q - a royal jelly
 s - a meat ration
 v - 4 chunks of flesh


   Skills:
 + Level 5.2 Fighting
 + Level 4.2 Long Blades
 + Level 5.0 Armour
 + Level 1.4 Dodging
 + Level 5.7 Shields


You had 5 spell levels left.
You didn't know any spells.

Dungeon Overview and Level Annotations

Branches:
Dungeon (4/15)
 Temple: D:4-7

Altars:
Makhleb
Sif Muna


Innate Abilities, Weirdness & Mutations

You reflexively headbutt those who attack you in melee.
You have a pair of horns on your head.


Message History

The orc hits you with a mace.
* * * LOW HITPOINT WARNING * * *
Your chain mail prevents you from hitting the orc priest.
The orc priest is lightly wounded.
The orc priest hits you with a trident of freezing.
* * * LOW HITPOINT WARNING * * *
The orc priest freezes you.
* * * LOW HITPOINT WARNING * * *
The orc hits you with a mace.
* * * LOW HITPOINT WARNING * * *
The orc priest miscasts a cantrip.
You see here a hound corpse.
Found a metallic puce potion.
The orc priest mumbles some strange prayers to Beogh against you.
Something smites you!
* * * LOW HITPOINT WARNING * * *
You see here a metallic puce potion.
The orc priest mumbles some strange prayers to Beogh against you.
Something smites you!
You die...

#...........# #.#...##...####
#..##....#.## #.#...........#
.....##.##.#.####.#..###...##.###
#.#.###.##.#.....................
#.#. #.##.######.#..####........
. .. ..##.# #.#..### ...#.###
#.#. ..##.# #.#.............. .
#..##.######.#..##.#...#.##.
...........@.......# #...##.
########.#...#. #... #.
####o#...#.#.#... #.
####....#...#.#.##..##.
............#...[......
.......o....#.#.#......
..##.##.#.###.#........ #
#.##.#.###.###.#..#.
#.....!...........†.


You could see an orc priest and an orc.

Vanquished Creatures
  A phantom (D:4)
  A giant frog (D:4)
  A crimson imp (D:2)
  An orc wizard (D:4)
  A hound (D:4)
  A worker ant (D:4)
  2 adders (D:3)
  3 worms
  2 giant geckos
  2 orcs (D:3)
  8 goblins
  3 hobgoblins
  12 jackals
  2 quokkas (D:4)
  10 bats
  5 giant cockroaches
  6 giant newts
  5 kobolds
  5 rats
71 creatures vanquished.

Notes
Turn   | Place    | Note
--------------------------------------------------------------
     0 | D:1      | Peloso the Minotaur Fighter began the quest for the Orb.
     0 | D:1      | Reached XP level 1. HP: 19/19 MP: 0/0
   222 | D:1      | Reached XP level 2. HP: 25/27 MP: 1/1
   333 | D:1      | Reached skill level 4 in Shields
   582 | D:2      | Found a burning altar of Makhleb.
   602 | D:2      | Reached XP level 3. HP: 31/33 MP: 2/2
   618 | D:2      | Found a deep blue altar of Sif Muna.
  1019 | D:3      | Reached XP level 4. HP: 40/40 MP: 3/3
  1744 | D:4      | Reached skill level 5 in Shields
  1744 | D:4      | Reached XP level 5. HP: 24/47 MP: 1/4
  1972 | D:4      | Noticed a phantom
  2014 | D:4      | Killed a phantom
  2014 | D:4      | Reached skill level 1 in Dodging
  2025 | D:4      | Reached skill level 5 in Fighting
  2404 | D:4      | Noticed a giant frog
  2409 | D:4      | Killed a giant frog
  2409 | D:4      | Reached XP level 6. HP: 51/56 MP: 3/5
  2425 | D:4      | Reached skill level 5 in Armour
  2500 | D:4      | Killed from afar by an orc priest

Action                   |  1- 3 |  4- 6 || total
-------------------------+-------+-------++-------
Melee: Long sword        |    57 |   154 ||   211
  Eat: Chunk             |       |     5 ||     5
